 Dungeon Crawl Stone Soup version 0.22-a0-580-gd5db89c (webtiles) character file.

56 gmonis the Cudgeler (level 3, 0/31 HPs)
             Began as a Minotaur Berserker on July 2, 2018.
             Was a Believer of Trog.
             Slain by Natasha (4 damage)
             ... while paralysed by Ijyb
             ... on level 3 of the Dungeon.
             The game lasted 00:03:07 (1404 turns).

gmonis the Cudgeler (Minotaur Berserker)            Turns: 1404, Time: 00:03:08

Health: 0/31       AC:  2    Str: 21    XL:     3   Next: 69%
Magic:  2/2        EV:  2    Int:  4    God:    Trog [**....]
Gold:   43         SH:  0    Dex: 10    Spells: 2/2 levels left

rFire    . . .     SeeInvis .   a - +0 mace
rCold    . . .     Gourm    .   o - +0 shield
rNeg     . . .     Faith    .   b - +0 animal skin
rPois    .         Spirit   .   (helmet restricted)
rElec    .         Reflect  .   (no cloak)
rCorr    .         Harm     .   (no gloves)
MR       .....                  (no boots)
Stlth    +.........             (no amulet)
HPRegen  0.10/turn              (no ring)
MPRegen  0.08/turn              (no ring)

@: paralysed
A: retaliatory headbutt, horns 2
a: Berserk, Trog's Hand, Renounce Religion


You were on level 3 of the Dungeon.
You worshipped Trog.
Trog was pleased with you.
You were hungry.

You visited 1 branch of the dungeon, and saw 3 of its levels.

You collected 43 gold pieces.

Inventory:

Hand Weapons
 a - a +0 mace (weapon)
Missiles
 h - 38 stones (quivered)
Armour
 b - a +0 animal skin (worn)
 o - a +0 shield (worn)
Scrolls
 d - a scroll of fear {unknown}
 e - 2 scrolls of enchant weapon {unknown}
 g - 3 scrolls of identify {unknown}
 i - a scroll of magic mapping {unknown}
 j - 4 scrolls of teleportation {unknown}
 l - a scroll of blinking {unknown}
Potions
 f - 2 potions of heal wounds {unknown}
 k - a potion of curing {unknown}
 m - a potion of berserk rage {unknown}
 n - a potion of invisibility {unknown}
Comestibles
 c - 5 rations


   Skills:
 - Level 3.6 Fighting
 + Level 5.6 Maces & Flails
 - Level 2.4 Armour
 - Level 2.1 Dodging
 + Level 0.4 Shields


You had 2 spell levels left.
You didn't know any spells.
Your spell library was empty.

Dungeon Overview and Level Annotations

Branches:
Dungeon (3/15)

Altars:

Annotations:
D:3 Ijyb, Natasha


Innate Abilities, Weirdness & Mutations

You reflexively headbutt those who attack you in melee.
You have a pair of horns on your head.


Message History

Natasha claws you. You block Natasha's attack.
You hit Natasha but do no damage.
Natasha is moderately wounded.
The adder hisses angrily.
Natasha claws you!
Ijyb grins evilly.
You hit Natasha.
Natasha is heavily wounded.
Ijyb zaps a wand.
You suddenly lose the ability to move!
It is a wand of paralysis (13).
Natasha claws you.
Ijyb grins evilly.
Ijyb zaps a wand.
You resist with significant effort. Natasha claws you. Natasha claws you!
* * * LOW HITPOINT WARNING * * *
Natasha claws you.
* * * LOW HITPOINT WARNING * * *
The adder bites you.
* * * LOW HITPOINT WARNING * * *
Natasha claws you.
You die...

g..... ...K..
....... ..#
....... ..#
.......#.(#
......g..>#
..........#
...K......##
......hS...#
#@### ###...#
######...###
######
#......#.#
...#.#
#.###..###
#.##.####.#....#
#<#.......#.##.#
####.######....#
#.# ######


You could see Ijyb, Natasha, an adder and a kobold.

Vanquished Creatures
  2 adders
  A worm (D:2)
  2 dart slugs (D:1)
  3 leopard geckos
  3 bats
  2 goblins (D:1)
  2 hobgoblins (D:2)
  3 jackals (D:2)
  A quokka (D:2)
  A ball python (D:2)
  3 frilled lizards
  3 kobolds
  3 rats
29 creatures vanquished.

Notes
Turn   | Place    | Note
-------+----------+-------------------------------------------
     0 | D:1      | gmonis the Minotaur Berserker began the quest for the Orb.
     0 | D:1      | Reached XP level 1. HP: 19/19 MP: 0/0
    69 | D:1      | Reached skill level 4 in Maces & Flails
   406 | D:2      | Reached XP level 2. HP: 26/26 MP: 1/1
   712 | D:1      | Reached skill level 5 in Maces & Flails
   712 | D:1      | Reached XP level 3. HP: 23/31 MP: 2/2
  1095 | D:2      | Reached ** piety under Trog
  1308 | D:3      | Noticed Ijyb
  1396 | D:3      | Noticed Natasha
  1400 | D:3      | Paralysed by Ijyb for 6 turns
  1404 | D:3      | Slain by Natasha

Vault maps used:
D:1:      lightli_arrival_maybe_door_vault
D:2:      lemuel_coloured_pillars_altar, grunt_ministairs_12, xom_redecorated
D:3:      overflow_temple_1_default, uniq_sigmund, uniq_natasha, uniq_ijyb

Skill      XL: |  1  2 |
---------------+-------+-----
Maces & Flails | 4 5 |  5.6
Fighting       | |  3.6
Armour         | |  2.4
Dodging        | |  2.1
Shields        | |  0.4

Action                   || total
-------------------------++-------
Melee: Mace              ||    59
       Headbutt          ||     9
  Eat: Chunk             ||     1
Armor: Animal skin       ||    20
Dodge: Dodged            ||    44
Block: Shield            ||     7

Table legend:
 A = Spawn XP
 B = Non-spawn XP
 C = Spawn XP percentage of total XP
 D = Spawn monster count
 E = Non-spawn monster count
 F = Spawn count percentage of total count
 G = Total turns spent on level
                    A         B        C        D         E        F      G
               +---------+---------+-------+---------+---------+-------+---------
         Total |       0 |      80 |   0.0 |       0 |      29 |   0.0 |  1404
               +---------+---------+-------+---------+---------+-------+---------
           D:1 |       0 |      40 |   0.0 |       0 |      15 |   0.0 |   943
           D:2 |       0 |      40 |   0.0 |       0 |      14 |   0.0 |   408
               +---------+---------+-------+---------+---------+-------+---------
